| TOP OF THE 1ST |
|
Milwaukee Brewers batting - Pitching for Atlanta Braves : LHP Nolan Stefanski
|
|
Pitching: LHP Nolan Stefanski
|
|
|
Batting: RHB Daniel Donovan
|
0-0: Ball 1-0: Ball 2-0: Foul Ball, location: 2F 2-1: Fly out, F6 (Popup, 6MS, EV 76.9 MPH)
|
|
Batting: RHB Adrian Rudkilde
|
0-0: Called Strike 0-1: Ball 1-1: Foul Ball, location: 2F 1-2: Ground out 5-3 (Groundball, 56, EV 100.0 MPH)
|
|
Batting: SHB Lewis Thorpe Jr.
|
0-0: Called Strike 0-1: Ball 1-1: SINGLE (Line Drive, 78S, EV 96.9 MPH)
|
|
Batting: RHB Dave Gonzalez
|
0-0: Swinging Strike 0-1: Called Strike 0-2: Strikes out looking
|
| Top of the 1st over - 0 runs, 1 hit, 0 errors, 1 left on base; Milwaukee 0 - Atlanta 0 |
| BOTTOM OF THE 1ST |
|
Atlanta Braves batting - Pitching for Milwaukee Brewers : LHP Nick Martin
|
|
Pitching: LHP Nick Martin
|
|
|
Batting: RHB Jeckel Hester
|
0-0: Ball 1-0: Ball 2-0: Ball 3-0: Foul Ball, location: 2F 3-1: Called Strike 3-2: Base on Balls
|
|
Batting: RHB J.J. Powers
|
0-0: Ball Jeckel Hester is caught stealing 2nd base 2-4 1-0: Ground out 6-3 (Groundball, 6, EV 85.0 MPH)
|
|
Batting: RHB Ike Trout
|
0-0: Ball 1-0: Ball 2-0: Ball 3-0: Called Strike 3-1: Called Strike 3-2: Base on Balls
|
|
Batting: RHB Rich Stinson
|
0-0: Called Strike 0-1: Called Strike Pickoff Throw by Catcher to First - Out!
|
| Bottom of the 1st over - 0 runs, 0 hits, 0 errors, 0 left on base; Milwaukee 0 - Atlanta 0 |
| TOP OF THE 2ND |
|
Milwaukee Brewers batting - Pitching for Atlanta Braves : LHP Nolan Stefanski
|
|
Batting: RHB Kisho Ito
|
0-0: Ball 1-0: Ball 2-0: Ball 3-0: Called Strike 3-1: Fly out, F9 (Flyball, 9, EV 90.0 MPH)
|
|
Batting: RHB Noah Stanley
|
0-0: Swinging Strike 0-1: Called Strike 0-2: Ball 1-2: Ball 2-2: Strikes out swinging
|
|
Batting: RHB Ryan Neal
|
0-0: Swinging Strike 0-1: Ball 1-1: Foul Ball, location: 2F 1-2: Strikes out swinging
|
| Top of the 2nd over - 0 runs, 0 hits, 0 errors, 0 left on base; Milwaukee 0 - Atlanta 0 |
| BOTTOM OF THE 2ND |
|
Atlanta Braves batting - Pitching for Milwaukee Brewers : LHP Nick Martin
|
|
Batting: RHB Rich Stinson
|
0-0: Ball 1-0: Called Strike 1-1: Foul Ball, location: 2F 1-2: Ball 2-2: Foul Ball, location: 2F 2-2: Ball 3-2: SINGLE (Groundball, 6MD, EV 95.0 MPH)
|
|
Batting: RHB Jared Speck
|
0-0: Called Strike 0-1: Called Strike Rich Stinson steals 2nd base 0-2: 2-RUN HOME RUN (Flyball, 7D, EV 99.4 MPH), Distance : 401 ft
|
|
Batting: LHB Erik Gretzky
|
0-0: Called Strike 0-1: Ball 1-1: Foul Ball, location: 2F 1-2: Ball 2-2: Fly out, F7 (Flyball, 78S, EV 95.0 MPH)
|
|
Batting: RHB Zheng-ze King
|
0-0: Ball 1-0: Ball 2-0: Called Strike 2-1: Ball 3-1: Called Strike 3-2: SINGLE (Groundball, 56D, EV 99.4 MPH)
|
|
Batting: RHB Erik Coleman
|
0-0: Ball 1-0: Foul Ball, location: 2F 1-1: Ball Zheng-ze King steals 2nd base (no throw) 2-1: Foul Ball, location: 2F 2-2: Strikes out swinging
|
|
Batting: RHB Tade Post
|
0-0: Ball 1-0: Fly out, F7 (Flyball, 7D, EV 103.1 MPH)
|
| Bottom of the 2nd over - 2 runs, 3 hits, 0 errors, 1 left on base; Milwaukee 0 - Atlanta 2 |
| TOP OF THE 3RD |
|
Milwaukee Brewers batting - Pitching for Atlanta Braves : LHP Nolan Stefanski
|
|
Batting: RHB Colin Boddy
|
0-0: Called Strike 0-1: Fly out, F8 (Flyball, 8RM, EV 88.8 MPH)
|
|
Batting: LHB Alfredo de la Cruz
|
0-0: Called Strike 0-1: Ball 1-1: Swinging Strike 1-2: Ball 2-2: Strikes out looking
|
|
Batting: RHB Daniel Donovan
|
0-0: Called Strike 0-1: Foul Ball, location: 2F 0-2: Foul Ball, location: 2F 0-2: Strikes out swinging
|
| Top of the 3rd over - 0 runs, 0 hits, 0 errors, 0 left on base; Milwaukee 0 - Atlanta 2 |
| BOTTOM OF THE 3RD |
|
Atlanta Braves batting - Pitching for Milwaukee Brewers : LHP Nick Martin
|
|
Pitching: RHP Drew Tollefsen
|
|
|
Batting: RHB Jeckel Hester
|
0-0: Foul Ball, location: 2F 0-1: Ball 1-1: Ball 2-1: Ball 3-1: SINGLE (Groundball, 56D, EV 111.2 MPH)
|
|
Batting: RHB J.J. Powers
|
0-0: Called Strike Jeckel Hester is caught stealing 2nd base 2-4 0-1: Swinging Strike 0-2: Ball 1-2: Strikes out looking
|
|
Batting: RHB Ike Trout
|
0-0: Swinging Strike 0-1: Ball 1-1: Ball 2-1: Called Strike 2-2: Ball 3-2: SINGLE (Line Drive, 7LS, EV 86.2 MPH)
|
|
Batting: RHB Rich Stinson
|
0-0: Called Strike 0-1: Ball 1-1: Ball 2-1: Ball 3-1: Foul Ball, location: 2F 3-2: Fly out, F9 (Flyball, 9, EV 86.9 MPH)
|
| Bottom of the 3rd over - 0 runs, 2 hits, 0 errors, 1 left on base; Milwaukee 0 - Atlanta 2 |
| TOP OF THE 4TH |
|
Milwaukee Brewers batting - Pitching for Atlanta Braves : LHP Nolan Stefanski
|
|
Batting: RHB Adrian Rudkilde
|
0-0: Ball 1-0: Foul Ball, location: 2F 1-1: Foul Ball, location: 2F 1-2: Foul Ball, location: 2F 1-2: Ball 2-2: Foul Ball, location: 2F 2-2: Ball 3-2: Base on Balls
|
|
Pitching: RHP Tim Kull
|
|
|
Batting: SHB Lewis Thorpe Jr.
|
0-0: Ball 1-0: Ball 2-0: Ball 3-0: Base on Balls Adrian Rudkilde to second
|
|
Batting: RHB Dave Gonzalez
|
0-0: Called Strike 0-1: Ball 1-1: Ball 2-1: Called Strike 2-2: Ball 3-2: Strikes out looking
|
|
Batting: RHB Kisho Ito
|
0-0: Ball 1-0: Called Strike 1-1: Ball 2-1: Foul Ball, location: 2F 2-2: Fly out, F7 (Flyball, 78S, EV 90.6 MPH)
|
|
Batting: RHB Noah Stanley
|
0-0: Called Strike 0-1: Foul Ball, location: 2F 0-2: Ball 1-2: Foul Ball, location: 2F 1-2: Foul Ball, location: 2F 1-2: Strikes out swinging
|
| Top of the 4th over - 0 runs, 0 hits, 0 errors, 2 left on base; Milwaukee 0 - Atlanta 2 |
| BOTTOM OF THE 4TH |
|
Atlanta Braves batting - Pitching for Milwaukee Brewers : RHP Drew Tollefsen
|
|
Batting: RHB Jared Speck
|
0-0: Called Strike 0-1: Ball 1-1: Ball 2-1: Ball 3-1: Base on Balls
|
|
Batting: LHB Erik Gretzky
|
0-0: Ball 1-0: Called Strike 1-1: Called Strike 1-2: Ball 2-2: SINGLE (Line Drive, 3D, EV 94.4 MPH) Jared Speck to second Runner from 2nd tries for 3rd, SAFE, throw by RF made to third
|
|
Batting: RHB Zheng-ze King
|
0-0: Swinging Strike 0-1: Ball 1-1: Grounds into double play, 6-4-3 (Groundball, 6, EV 96.2 MPH) Jared Speck scores
|
|
Batting: RHB Erik Coleman
|
0-0: Foul Ball, location: 2F 0-1: Ball 1-1: SINGLE (Groundball, 56D, EV 105.0 MPH)
|
|
Batting: RHB Tade Post
|
0-0: Swinging Strike 0-1: TRIPLE (Line Drive, 78XD, EV 100.0 MPH) Erik Coleman scores
|
|
Pinch Hitting: RHB Kevin Howard
|
0-0: Foul Ball, location: 2F 0-1: Ball 1-1: Ball 2-1: Foul Ball, location: 2F 2-2: Foul Ball, location: 2F 2-2: Foul Ball, location: 2F 2-2: Ball 3-2: SINGLE (Groundball, 56D, EV 98.1 MPH) Tade Post scores
|
|
Pitching: RHP Brett Rosinsky
|
|
|
Batting: RHB J.J. Powers
|
0-0: DOUBLE (Flyball, 78XD, EV 91.9 MPH) Kevin Howard to third Runner from 3rd tries for Home, SAFE, throw by LF to home
|
|
Batting: RHB Ike Trout
|
0-0: Called Strike 0-1: Ball 1-1: Swinging Strike 1-2: 2-RUN HOME RUN (Line Drive, 78XD, EV 115.6 MPH), Distance : 463 ft
|
|
Batting: RHB Rich Stinson
|
0-0: Called Strike 0-1: SINGLE (Groundball, 56S, EV 66.9 MPH) (infield hit)
|
|
Pinch Hitting: LHB Luis Magdaleno
|
0-0: Ball 1-0: DOUBLE (Flyball, 8RXD, EV 103.8 MPH) Rich Stinson to third Runner from 3rd tries for Home, throw by CF and OUT! 8-4-2
|
| Bottom of the 4th over - 6 runs, 8 hits, 0 errors, 1 left on base; Milwaukee 0 - Atlanta 8 |
| TOP OF THE 5TH |
|
Milwaukee Brewers batting - Pitching for Atlanta Braves : RHP Tim Kull
|
|
Pitching: RHP Troy Hutch
|
|
|
Now at 3B: Kevin Howard
|
|
|
Now in LF: Luis Magdaleno
|
|
|
Batting: RHB Ryan Neal
|
0-0: Ball 1-0: Ball 2-0: Ball 3-0: Base on Balls
|
|
Batting: RHB Colin Boddy
|
0-0: Swinging Strike 0-1: Called Strike 0-2: Ball 1-2: Foul Ball, location: 2F 1-2: Strikes out looking
|
|
Batting: LHB Alfredo de la Cruz
|
0-0: Ball Ryan Neal steals 2nd base 1-0: Called Strike 1-1: Ball 2-1: Called Strike 2-2: Strikes out swinging
|
|
Batting: RHB Daniel Donovan
|
0-0: Ball 1-0: Ball 2-0: Called Strike 2-1: Foul Ball, location: 2F 2-2: Fly out, F8 (Line Drive, 8LD, EV 94.4 MPH)
|
| Top of the 5th over - 0 runs, 0 hits, 0 errors, 1 left on base; Milwaukee 0 - Atlanta 8 |
| BOTTOM OF THE 5TH |
|
Atlanta Braves batting - Pitching for Milwaukee Brewers : RHP Brett Rosinsky
|
|
Pitching: RHP Jonathon Crunk
|
|
|
Now at C: Ben Campbell
|
|
|
Now at 1B: Chris King
|
|
|
Now at 2B: Sadataka Kuwahara
|
|
|
Now at SS: Joe LaDue
|
|
|
Now in LF: Alfredo de la Cruz
|
|
|
Now in RF: Gabe Harvey
|
|
|
Pinch Hitting: RHB Liangde Li
|
0-0: Called Strike 0-1: Foul Ball, location: 2F 0-2: Ball 1-2: Strikes out swinging
|
|
Pinch Hitting: RHB Xavier Davis
|
0-0: Ball 1-0: Called Strike 1-1: Ground out 4-3 (Groundball, 4M, EV 83.1 MPH)
|
|
Batting: LHB David Bramble
|
0-0: Ball 1-0: SINGLE (Groundball, 34D, EV 98.1 MPH)
|
|
Batting: RHB Tade Post
|
0-0: Fly out, F8 (Flyball, 8RD, EV 89.4 MPH)
|
| Bottom of the 5th over - 0 runs, 1 hit, 0 errors, 1 left on base; Milwaukee 0 - Atlanta 8 |
| TOP OF THE 6TH |
|
Milwaukee Brewers batting - Pitching for Atlanta Braves : RHP Troy Hutch
|
|
Pitching: RHP Victor Munoz
|
|
|
Now at C: Art D'Ascenzo
|
|
|
Now at 1B: John Peterson
|
|
|
Now at 2B: Xavier Davis
|
|
|
Now in CF: Liangde Li
|
|
|
Now in RF: Darryl Gonnella
|
|
|
Batting: RHB Adrian Rudkilde
|
0-0: Ball 1-0: TRIPLE (Flyball, 89XD, EV 104.4 MPH)
|
|
Pinch Hitting: SHB Pat Wilson
|
0-0: Swinging Strike 0-1: Fly out, F9 (Flyball, 9, EV 83.8 MPH)
|
|
Batting: RHB Chris King
|
0-0: Called Strike 0-1: Ball 1-1: Ground out 5-3 (Groundball, 56, EV 98.8 MPH) Adrian Rudkilde scores
|
|
Batting: LHB Gabe Harvey
|
0-0: Ball 1-0: Ground out 4-3 (Groundball, 4, EV 84.4 MPH)
|
| Top of the 6th over - 1 run, 1 hit, 0 errors, 0 left on base; Milwaukee 1 - Atlanta 8 |
| BOTTOM OF THE 6TH |
|
Atlanta Braves batting - Pitching for Milwaukee Brewers : RHP Jonathon Crunk
|
|
Pitching: LHP Jamie Blake
|
|
|
Now at 3B: Mike Ball
|
|
|
Now in CF: Pat Wilson
|
|
|
Batting: RHB Kevin Howard
|
0-0: Ball 1-0: Ball 2-0: Ball 3-0: Foul Ball, location: 2F 3-1: Called Strike 3-2: Base on Balls
|
|
Pinch Hitting: RHB Alex Munoz
|
0-0: Foul Ball, location: 2F 0-1: Foul Ball, location: 2F 0-2: Ball 1-2: SINGLE (Groundball, 6D, EV 99.4 MPH) Kevin Howard to second
|
|
Batting: LHB Darryl Gonnella
|
0-0: Called Strike 0-1: Ball 1-1: TRIPLE (Line Drive, 9D, EV 107.5 MPH) Kevin Howard scores Alex Munoz scores
|
|
Batting: LHB Art D'Ascenzo
|
0-0: Ball 1-0: SINGLE (Groundball, 34S, EV 69.4 MPH) (infield hit)
|
|
Batting: LHB Luis Magdaleno
|
0-0: Fielders Choice at 2nd, 4-6 (Groundball, 4, EV 85.6 MPH) Darryl Gonnella scores
|
|
Batting: RHB Liangde Li
|
0-0: Ball 1-0: Foul Ball, location: 2F 1-1: Grounds into double play, 6-4-3 (Groundball, 6M, EV 81.2 MPH)
|
| Bottom of the 6th over - 3 runs, 3 hits, 0 errors, 0 left on base; Milwaukee 1 - Atlanta 11 |
| TOP OF THE 7TH |
|
Milwaukee Brewers batting - Pitching for Atlanta Braves : RHP Victor Munoz
|
|
Pitching: RHP Brendan Graham
|
|
|
Now at SS: Alex Munoz
|
|
|
Batting: RHB Sadataka Kuwahara
|
0-0: Ball 1-0: Ball 2-0: Called Strike 2-1: Ball 3-1: Ground out 5-3 (Groundball, 56S, EV 79.4 MPH)
|
|
Batting: RHB Mike Ball
|
0-0: Called Strike 0-1: Ball 1-1: Fly out, F8 (Flyball, 89M, EV 84.4 MPH)
|
|
Batting: RHB Joe LaDue
|
0-0: Called Strike 0-1: Foul Ball, location: 2F 0-2: Ball 1-2: Strikes out swinging
|
| Top of the 7th over - 0 runs, 0 hits, 0 errors, 0 left on base; Milwaukee 1 - Atlanta 11 |
| BOTTOM OF THE 7TH |
|
Atlanta Braves batting - Pitching for Milwaukee Brewers : LHP Jamie Blake
|
|
Batting: RHB Xavier Davis
|
0-0: Fly out, F7 (Flyball, 7S, EV 87.5 MPH)
|
|
Batting: LHB David Bramble
|
0-0: Called Strike 0-1: Ball 1-1: Called Strike 1-2: Ball 2-2: Strikes out swinging
|
|
Batting: RHB John Peterson
|
0-0: Foul Ball, location: 2F 0-1: Swinging Strike 0-2: Strikes out swinging, 2-3 out at first.
|
| Bottom of the 7th over - 0 runs, 0 hits, 0 errors, 0 left on base; Milwaukee 1 - Atlanta 11 |
| TOP OF THE 8TH |
|
Milwaukee Brewers batting - Pitching for Atlanta Braves : RHP Brendan Graham
|
|
Pitching: RHP Ruben Valle
|
|
|
Batting: LHB Alfredo de la Cruz
|
0-0: Called Strike 0-1: Ball 1-1: Ball 2-1: TRIPLE (Flyball, 78XD, EV 104.4 MPH)
|
|
Batting: RHB Ben Campbell
|
0-0: Hit by Pitch
|
|
Batting: RHB Adrian Rudkilde
|
0-0: Called Strike 0-1: Ball 1-1: Ball 2-1: Foul Ball, location: 2F 2-2: Ball 3-2: Base on Balls Ben Campbell to second
|
|
Batting: SHB Pat Wilson
|
0-0: Foul Ball, location: 2F 0-1: Fly out, F8 (Flyball, 8RD, EV 102.5 MPH) Runner from 3rd tags up, SCORES, throw by CF Ben Campbell to third
|
|
Batting: RHB Chris King
|
0-0: Fly out, F7 (Line Drive, 78M, EV 103.8 MPH) Runner from 3rd tags up, SCORES, throw by LF
|
|
Batting: LHB Gabe Harvey
|
0-0: Ball 1-0: Swinging Strike 1-1: Ball 2-1: Swinging Strike 2-2: Strikes out swinging
|
| Top of the 8th over - 2 runs, 1 hit, 0 errors, 1 left on base; Milwaukee 3 - Atlanta 11 |
| BOTTOM OF THE 8TH |
|
Atlanta Braves batting - Pitching for Milwaukee Brewers : LHP Jamie Blake
|
|
Pitching: RHP Javy Uribe
|
|
|
Batting: RHB Kevin Howard
|
0-0: Swinging Strike 0-1: Called Strike 0-2: Ball 1-2: Strikes out looking
|
|
Batting: RHB Alex Munoz
|
0-0: Called Strike 0-1: Swinging Strike 0-2: Ball 1-2: Ball 2-2: Ball 3-2: Fly out, F8 (Flyball, 8LD, EV 87.5 MPH)
|
|
Batting: LHB Darryl Gonnella
|
0-0: Called Strike 0-1: Called Strike 0-2: Foul Ball, location: 2F 0-2: Ball 1-2: Ball 2-2: Fly out, F8 (Line Drive, 8LD, EV 92.5 MPH)
|
| Bottom of the 8th over - 0 runs, 0 hits, 0 errors, 0 left on base; Milwaukee 3 - Atlanta 11 |
| TOP OF THE 9TH |
|
Milwaukee Brewers batting - Pitching for Atlanta Braves : RHP Ruben Valle
|
|
Pitching: RHP Doug Seliger
|
|
|
Batting: RHB Sadataka Kuwahara
|
0-0: Foul Ball, location: 2F 0-1: Fly out, F9 (Flyball, 89M, EV 76.2 MPH)
|
|
Batting: RHB Mike Ball
|
0-0: Foul Ball, location: 2F 0-1: Ground out 6-3 (Groundball, 56, EV 83.1 MPH)
|
|
Batting: RHB Joe LaDue
|
0-0: Called Strike 0-1: Ball 1-1: Called Strike 1-2: Foul Ball, location: 2F 1-2: Strikes out looking
|
| Top of the 9th over - 0 runs, 0 hits, 0 errors, 0 left on base; Milwaukee 3 - Atlanta 11 |
|